[Event "Fagernes GM Open Autumn 2024"]
[Site "Fagernes"]
[Date "2024.10.08"]
[Round "3.18"]
[White "Vijayakumar, Rishi"]
[Black "Bhagat Kush"]
[Result "1/2-1/2"]
[ECO "D35"]
[WhiteElo "2172"]
[BlackElo "2245"]
[Annotator "RC"]
[PlyCount "89"]
[EventDate "2024.10.03"]
[EventType "swiss"]
[EventCountry "NOR"]
[SourceTitle "playchess.com"]
[Source "ChessBase"]
[SourceQuality "1"]
[TimeControl "40/6000:2400+30"]

1. d4 Nf6 2. c4 e6 3. Nf3 d5 4. Nc3 h6 5. cxd5 exd5 6. Bf4 Bd6 7. e3 Bxf4 8. exf4 O-O 9. Be2 Qd6 10. Ne5 Qb6 11. O-O c6 12. Bd3 Qxb2 13. Qf3 Qb4 14. Rad1 Nbd7 15. Bb1 Nxe5 16. fxe5 Ne8 17. Ne2 g6 18. Qe3 Kh7 19. Ng3 Qe7 20. Rde1 Ng7 21. f4 f5 22. exf6 Qxf6 23. Qe7 Be6 24. Qxb7 Qxd4+ 25. Kh1 Qb6 26. Qe7 Rae8 27. Bxg6+ Kxg6 28. Rxe6+ Kh7 29. Rxh6+ Kxh6 30. Qh4+ Kg6 31. f5+ Kf7 32. f6 Kg8 33. Qg5 Rf7 34. Nf5 Qf2 35. Qc1 Qxf1+ 36. Qxf1 Nxf5 37. g4 Nd6 38. g5 Ne4 39. Qf5 Kf8 40. Qg6 Re5 41. h4 Nxf6 42. Qh6+ Ke7 43. gxf6+ Rxf6 44. Qg7+ Ke6 45. Qg8+ 1/2-1/2

[Event "Fagernes GM Open Autumn 2024"]
[Site "Fagernes"]
[Date "2024.10.08"]
[Round "3.19"]
[White "Blomqvist, Erik"]
[Black "Kanyamarala, Trisha"]
[Result "1-0"]
[ECO "B50"]
[WhiteElo "2483"]
[BlackElo "2160"]
[Annotator "TA"]
[PlyCount "93"]
[EventDate "2024.10.03"]
[EventType "swiss"]
[EventCountry "NOR"]
[SourceTitle "playchess.com"]
[Source "ChessBase"]
[SourceQuality "1"]
[TimeControl "40/6000:2400+30"]

1. e4 c5 2. Nf3 d6 3. Bc4 Nc6 4. c3 Nf6 5. d3 g6 6. O-O Bg7 7. a4 O-O 8. Re1 a6 9. h3 {[%emt 0:03:43] The position is equal.} Rb8 10. Na3 d5 11. exd5 Nxd5 12. Bg5 h6 13. Bh4 Be6 (13... Nf4 $11) 14. Bg3 $14 Rc8 15. Bb3 Na5 {[%emt 0:07:28][%cal Od5c3] Strongly threatening ...Nxc3!} 16. Ba2 Nc6 {[%emt 0:09:40] [#]} (16... Qd7 $14) 17. Rxe6 fxe6 18. Qe2 Rf6 19. Re1 {[%emt 0:02:45][%mdl 1024] White has compensation.} Kh7 20. Qe4 Qf8 21. Nc4 Nf4 {[%emt 0:06:21] Black cannot hold the game after this.} (21... b5 $14) 22. Nce5 $18 Nxe5 23. Nxe5 {[%emt 0:00:00][%cal Oe5d7] [#] Black must now prevent Nd7!} Nh5 (23... Rf5 {is a better defense.} 24. Bxf4 Rxf4 25. Nxg6 (25. Qxg6+ Kh8 $18) (25. Qxb7 $2 Bxe5 26. Bxe6 Rb8 $19) 25... Rxe4 26. Nxf8+ Rxf8 27. Rxe4 e5) 24. Nd7 (24. Qxb7 Rb8 25. Qxa6 Rxb2 $14) 24... Qd8 25. Nxf6+ (25. Bxe6 $6 Nxg3 26. fxg3 (26. Nxf6+ exf6 27. fxg3 f5 $18) 26... Rc7 $18) 25... exf6 26. Bh2 (26. Bxe6 Nxg3 27. fxg3 f5 $16) 26... e5 27. Bf7 {[%emt 0:05:01] Black is weak on the light squares} ({Much less strong is} 27. Qxb7 Rb8 28. Qxa6 Rxb2 $18) 27... f5 28. Qxb7 Rc7 29. Qb6 (29. Qxa6 Rxf7 30. Bxe5 Re7 $15) 29... Bf6 30. Bc4 ({Not} 30. Bxe5 Rxf7 31. Qxa6 Re7 $17) 30... f4 31. Bxa6 Ng7 32. a5 {[%emt 0:00:29][%cal Ba4a5,Ba5a6][%mdl 32] White is clearly winning.} Nf5 33. Bb7 {[%emt 0:01:29] Hoping for a6.} Nd6 34. Bf3 Nc8 35. Qe6 Qd6 36. Qxd6 Nxd6 37. a6 Ra7 38. Ra1 Bd8 39. Kf1 g5 40. Bd5 Nb5 41. f3 Bb6 42. Bg1 Rc7 43. Bc4 Na7 44. b4 Kg7 45. Rb1 Kf6 46. bxc5 Bxc5 47. Rb7 {[%emt 0:00:00] Weighted Error Value: White=0.11 (very precise) /Black=0.34.  Mistake:       	White=1     	Black=4      Inaccurate:     	---       	Black=2      OK:         	White=22    	Black=10     Best:        	---       	Black=1} 1-0

[Event "Fagernes GM Open Autumn 2024"]
[Site "Fagernes"]
[Date "2024.10.08"]
[Round "3.20"]
[White "Aamodt, Peder Marcus"]
[Black "Hansen, Torbjorn Ringdal"]
[Result "0-1"]
[ECO "B30"]
[WhiteElo "2126"]
[BlackElo "2415"]
[Annotator "TA"]
[PlyCount "64"]
[EventDate "2024.10.03"]
[EventType "swiss"]
[EventCountry "NOR"]
[SourceTitle "playchess.com"]
[Source "ChessBase"]
[SourceQuality "1"]
[TimeControl "40/6000:2400+30"]

1. e4 c5 2. Nf3 Nc6 3. Bb5 Nf6 4. Nc3 Nd4 5. Bd3 d6 6. h3 e5 7. O-O Be7 8. Nxd4 ({White should try} 8. Bc4 $11) 8... cxd4 $15 9. Ne2 d5 10. Bb5+ Nd7 11. exd5 O-O $1 12. c3 Nb6 13. cxd4 exd4 14. Qb3 a6 15. Bc4 Bd7 16. a4 Bxa4 17. Qd3 (17. Rxa4 Nxa4 18. Nxd4 (18. Qxa4 b5 $17) 18... Bf6 $17) 17... Nxc4 18. Rxa4 b5 19. Ra1 Qxd5 {[%emt 0:01:39] Black is more active.} 20. b3 {[%emt 0:02:14] White does not recover from this.} (20. Qxd4 $17 {keeps fighting.} Qxd4 21. Nxd4) 20... Ne5 $19 21. Qxd4 Qxd4 22. Nxd4 Nd3 {[%emt 0:00:27] [#] Repels Bb2. ...Bf6 is the strong threat.} 23. Rb1 Bf6 24. Nc2 {[%emt 0:01:53] White is weak on the dark squares} (24. Nf3 $142) 24... Rac8 25. Ne3 Rfd8 {[%emt 0:00:08] Repels Nd5. And now ...a5 would win.} 26. Ba3 $2 {[%emt 0:01:40] [#]} (26. b4) 26... b4 27. Bc1 a5 28. g4 Rc5 {[%emt 0:00:37] Black is clearly winning.} 29. h4 Rdc8 30. g5 Bd4 31. Nc4 a4 32. Nb6 (32. Kg2 $142) 32... R8c6 {[%emt 0:02:12] Weighted Error Value: White=0.39/Black=0.08 (flawless) .  Mistake:       	White=5     	---        Inaccurate:     	White=3     	Black=2      OK:         	White=9     	Black=13     Best:        	---       	Black=2      Strong:       	---       	Black=1} ({Less strong is} 32... Nxc1 33. Nxc8 Ne2+ (33... Nxb3 34. Nb6 $11) (33... Rxc8 $2 {perishes.} 34. Rfxc1 Rd8 35. bxa4 $18) 34. Kh1 $17) 0-1

[Event "Fagernes GM Open Autumn 2024"]
[Site "Fagernes"]
[Date "2024.10.08"]
[Round "3.21"]
[White "Sherman, Raem"]
[Black "Kittilsen, Sigurd"]
[Result "1-0"]
[ECO "B36"]
[WhiteElo "2390"]
[BlackElo "1981"]
[Annotator "TA"]
[PlyCount "71"]
[EventDate "2024.10.03"]
[EventType "swiss"]
[EventCountry "NOR"]
[SourceTitle "playchess.com"]
[Source "ChessBase"]
[SourceQuality "1"]
[TimeControl "40/6000:2400+30"]

1. e4 c5 2. Nf3 g6 3. d4 cxd4 4. Nxd4 Nc6 5. c4 Nf6 6. Nc3 d6 7. Be2 Nxd4 8. Qxd4 Bg7 9. O-O O-O 10. Qd3 Be6 11. Be3 Nd7 12. b3 Qa5 13. Bd2 Qb6 {[%emt 0:01:49] White is slightly better.} 14. Rac1 Ne5 15. Qg3 Nc6 16. Kh1 a6 17. f4 Nd4 18. Bd3 {[%emt 0:00:05] Black must now prevent f5.} f5 19. Qe1 {[%emt 0:09:05] Strongly threatening exf5.} Qd8 20. exf5 (20. Nd5 $16) 20... Bxf5 $14 21. Bxf5 Rxf5 22. Nd5 e6 23. Ne3 Rf7 24. Bc3 Qb6 25. Rd1 $36 {[%emt 0:04:50][%mdl 2048] White has good play.} Raf8 26. Qd2 Rxf4 {[%emt 0:02:00][%mdl 8192] Black cannot hold the game after this.} ({Black should try} 26... Nc6 $14) 27. Rxf4 $18 Rxf4 {[%emt 0:01:05] [#]} 28. Nd5 $1 exd5 29. Qxf4 Ne2 30. Qg4 {[%emt 0:00:00] White threatens Qe6+ and mate.} Bxc3 ({Worse is} 30... Nxc3 31. Qe6+ Kf8 32. Rf1+) 31. Qxe2 {[%emt 0:00:00] KQR-KQB} Be5 32. Rxd5 {[%emt 0:00:00][%cal Oc4c5] c5! would now be deadly.} ({But not} 32. cxd5 Qd8 33. Rc1 Kg7 $18) 32... Qc6 33. Qe4 Qb6 {[%emt 0:04:09] [#]} 34. c5 $1 Qc6 (34... Qc7 35. Qc4) 35. Qc4 b5 36. cxb6 {[%emt 0:00:00] Weighted Error Value: White=0.06 (flawless) /Black=0.71.  Loses game:     	---       	Black=1      Mistake:       	White=1     	---        Inaccurate:     	White=1     	Black=4      OK:         	White=12    	Black=7      Best:        	---       	Black=1      Brilliant:      	White=2     	---} (36. Rxe5+ $2 {perishes.} bxc4 37. Re1 c3 $19 (37... dxc5 $2 38. bxc4 Qa4 39. a3 $19)) 1-0

[Event "Fagernes GM Open Autumn 2024"]
[Site "Fagernes"]
[Date "2024.10.08"]
[Round "3.22"]
[White "Southcott-Moyers, Indy"]
[Black "Kanyamarala, Tarun"]
[Result "1/2-1/2"]
[ECO "E12"]
[WhiteElo "2143"]
[BlackElo "2369"]
[Annotator "RC"]
[PlyCount "148"]
[EventDate "2024.10.03"]
[EventType "swiss"]
[EventCountry "NOR"]
[SourceTitle "playchess.com"]
[Source "ChessBase"]
[SourceQuality "1"]
[TimeControl "40/6000:2400+30"]

1. d4 Nf6 2. c4 e6 3. Nf3 b6 4. a3 Bb7 5. Nc3 g6 6. d5 Bg7 7. e4 exd5 8. exd5 O-O 9. Be2 c6 10. dxc6 dxc6 11. O-O Na6 12. Qc2 Nc5 13. Bf4 Qe7 14. Rfe1 Rfd8 15. Bf1 Qf8 16. Rad1 Ne6 17. Be5 c5 18. Bxf6 Bxf6 19. Nd5 Bg7 20. g3 Rd6 21. Bg2 Rad8 22. Nd2 Nd4 23. Qb1 R8d7 24. Ne4 Rxd5 25. cxd5 Bxd5 26. Nd2 Be6 27. h3 Qd8 28. Kh1 h5 29. Nf3 Nxf3 30. Bxf3 Qf6 31. Kg2 Rxd1 32. Qxd1 Qxb2 33. Qd8+ Kh7 34. g4 Qd4 35. Qe8 Qf6 36. a4 h4 37. Rxe6 Qxe6 38. Qxe6 fxe6 39. Be2 g5 40. Kf3 Bd4 41. Ke4 Kg7 42. f4 Kf6 43. fxg5+ Kxg5 44. Bf1 Kf6 45. Be2 Bb2 46. Bf1 Bc1 47. Be2 Ke7 48. Bf1 Kd6 49. Be2 Bg5 50. Bf1 Bf6 51. Be2 Kc6 52. Bc4 Kb7 53. Bf1 b5 54. Bxb5 Kb6 55. g5 Bxg5 56. Ke5 Ka5 57. Kxe6 Kb4 58. Kd5 Be7 59. Be8 c4 60. Bh5 c3 61. Bd1 Bf6 62. Ke4 Kc4 63. Bc2 Bg5 64. Bd1 Be7 65. Bc2 Bb4 66. Bd1 Ba5 67. Bc2 Kb4 68. Kd3 Ka3 69. Bd1 Kb2 70. Bc2 Kc1 71. Bb3 Bb4 72. Bc2 Kb2 73. Bd1 Ba5 74. Bc2 Bb4 1/2-1/2

[Event "Fagernes GM Open Autumn 2024"]
[Site "Fagernes"]
[Date "2024.10.08"]
[Round "3.23"]
[White "Hetland, Even"]
[Black "Namitbir Singh Walia"]
[Result "0-1"]
[ECO "C95"]
[WhiteElo "1970"]
[BlackElo "2351"]
[Annotator "RC"]
[PlyCount "78"]
[EventDate "2024.10.03"]
[EventType "swiss"]
[EventCountry "NOR"]
[SourceTitle "playchess.com"]
[Source "ChessBase"]
[SourceQuality "1"]
[TimeControl "40/6000:2400+30"]

1. e4 e5 2. Nf3 Nc6 3. Bb5 a6 4. Ba4 Nf6 5. O-O Be7 6. Re1 b5 7. Bb3 d6 8. c3 O-O 9. h3 Nb8 10. d4 Nbd7 11. Nbd2 Bb7 12. Bc2 Re8 13. Nf1 Bf8 14. Ng3 g6 15. a4 Bg7 16. Bd3 c6 17. Bg5 h6 18. Bd2 Kh7 19. Qc2 Qc7 20. h4 c5 21. axb5 c4 22. bxa6 cxd3 23. Qxd3 Bc6 24. d5 Nc5 25. Qe2 Bd7 26. b4 Nb3 27. Ra3 Nxd2 28. Nxd2 Reb8 29. Rea1 Ra7 30. Qd3 h5 31. Ngf1 Ng4 32. Ne3 Nxe3 33. fxe3 Bh6 34. Ra5 Qb6 35. Kh1 Kg7 36. Rb1 Qc7 37. c4 Rxb4 38. Rxb4 Qxa5 39. Rb7 Qxa6 0-1

[Event "Fagernes GM Open Autumn 2024"]
[Site "Fagernes"]
[Date "2024.10.08"]
[Round "3.24"]
[White "Welling, Gerard"]
[Black "Mannion, Stephen R"]
[Result "1/2-1/2"]
[ECO "A13"]
[WhiteElo "2206"]
[BlackElo "2142"]
[Annotator "RC"]
[PlyCount "56"]
[EventDate "2024.10.03"]
[EventType "swiss"]
[EventCountry "NOR"]
[SourceTitle "playchess.com"]
[Source "ChessBase"]
[SourceQuality "1"]
[TimeControl "40/6000:2400+30"]

1. b3 d5 2. e3 Nf6 3. Bb2 e6 4. Nf3 b6 5. c4 Bb7 6. Be2 Nbd7 7. O-O Bd6 8. Nc3 O-O 9. cxd5 exd5 10. Nb5 Be7 11. Rc1 c5 12. d4 a6 13. Nc3 Rc8 14. dxc5 Nxc5 15. Nd4 Qd7 16. b4 Nce4 17. Nxe4 dxe4 18. b5 axb5 19. Bxb5 Qd5 20. Nc6 Bxc6 21. Bxc6 Qxa2 22. Bxf6 Bxf6 23. Bxe4 Rxc1 24. Qxc1 Qe6 25. Qb1 g6 26. Rc1 Rc8 27. Rxc8+ Qxc8 28. g3 Qe6 1/2-1/2

[Event "Fagernes GM Open Autumn 2024"]
[Site "Fagernes"]
[Date "2024.10.08"]
[Round "3.25"]
[White "Westrum, Kim Roger Hansen"]
[Black "Gasland, Lukas Dominik"]
[Result "1-0"]
[ECO "B90"]
[WhiteElo "2205"]
[BlackElo "1905"]
[Annotator "RC"]
[PlyCount "59"]
[EventDate "2024.10.03"]
[EventType "swiss"]
[EventCountry "NOR"]
[SourceTitle "playchess.com"]
[Source "ChessBase"]
[SourceQuality "1"]
[TimeControl "40/6000:2400+30"]

1. e4 c5 2. Nc3 d6 3. Nge2 Nf6 4. d4 cxd4 5. Nxd4 a6 6. h4 e5 7. Nb3 Be7 8. Be2 Be6 9. f4 Nc6 10. f5 Bxb3 11. axb3 h5 12. Bg5 Nd4 13. Bxf6 Bxf6 14. g3 Rc8 15. Bd3 Qc7 16. Nd5 Nxc2+ 17. Kd2 Qc5 18. Rc1 Qf2+ 19. Qe2 Qd4 20. Rxc2 O-O 21. Qe3 Rxc2+ 22. Kxc2 Rc8+ 23. Kb1 Qxe3 24. Nxe3 g6 25. Rc1 Rb8 26. Rc7 Bd8 27. Rd7 Bb6 28. Nd5 Bf2 29. fxg6 fxg6 30. Nf6+ 1-0

[Event "Fagernes GM Open Autumn 2024"]
[Site "Fagernes"]
[Date "2024.10.08"]
[Round "3.26"]
[White "Bjorkan, Olav"]
[Black "Gudbrandsen, Gustav"]
[Result "1/2-1/2"]
[ECO "A59"]
[WhiteElo "2022"]
[BlackElo "2197"]
[Annotator "RC"]
[PlyCount "69"]
[EventDate "2024.10.03"]
[EventType "swiss"]
[EventCountry "NOR"]
[SourceTitle "playchess.com"]
[Source "ChessBase"]
[SourceQuality "1"]
[TimeControl "40/6000:2400+30"]

1. d4 Nf6 2. c4 c5 3. d5 b5 4. cxb5 a6 5. bxa6 Bxa6 6. Nc3 d6 7. e4 Bxf1 8. Kxf1 g6 9. g3 Bg7 10. Kg2 O-O 11. Nf3 Nbd7 12. Qe2 Qb6 13. Nd2 Qa6 14. Qxa6 Rxa6 15. Nc4 Rb8 16. f4 Rb4 17. Nd2 e6 18. a3 Rb8 19. Nc4 exd5 20. exd5 Nb6 21. Nxb6 Raxb6 22. Re1 Nd7 23. Re7 R6b7 24. a4 Kf8 25. Re4 Nb6 26. a5 Bxc3 27. bxc3 Nxd5 28. c4 Nb4 29. f5 gxf5 30. Bh6+ Kg8 31. Rf4 Nc2 32. Rxf5 Nxa1 33. Rg5+ Kh8 34. Bg7+ Kg8 35. Bh6+ 1/2-1/2

[Event "Fagernes GM Open Autumn 2024"]
[Site "Fagernes"]
[Date "2024.10.08"]
[Round "3.27"]
[White "Advaitt Srikant Koduri"]
[Black "Sorgjerd, Jan"]
[Result "1/2-1/2"]
[ECO "A48"]
[WhiteElo "2162"]
[BlackElo "1966"]
[Annotator "RC"]
[PlyCount "142"]
[EventDate "2024.10.03"]
[EventType "swiss"]
[EventCountry "NOR"]
[SourceTitle "playchess.com"]
[Source "ChessBase"]
[SourceQuality "1"]
[TimeControl "40/6000:2400+30"]

1. d4 Nf6 2. Nf3 g6 3. Bf4 Bg7 4. e3 O-O 5. h3 c5 6. c3 cxd4 7. cxd4 b6 8. Nc3 Bb7 9. Bd3 d5 10. O-O a6 11. b4 Nc6 12. Qb3 e6 13. Rfc1 Rc8 14. Rab1 Nb8 15. Na4 b5 16. Nc5 Qb6 17. a4 Nfd7 18. axb5 axb5 19. Ra1 Bc6 20. Ra2 Rfe8 21. Rca1 e5 22. Nxe5 Nxe5 23. Bxe5 Bxe5 24. dxe5 Rxe5 25. Qc3 Re7 26. Qf6 Qd8 27. Ra5 Nd7 28. Nxd7 Qxd7 29. Qd4 Qe8 30. Rc1 Rb7 31. Rc5 Rcb8 32. h4 h5 33. Ra2 Rb6 34. Rac2 Qe6 35. Qf4 Be8 36. Qg5 Rd6 37. Qf4 Rdb6 38. Rc7 R6b7 39. Rxb7 Rxb7 40. Qd4 Kh7 41. Rc5 Bc6 42. Qc3 Rb6 43. Bc2 Bd7 44. Qd4 Rc6 45. Rxd5 Rxc2 46. Rxd7 Rc1+ 47. Kh2 Rc4 48. Qa7 Rxh4+ 49. Kg1 Kg7 50. Qa1+ Qf6 51. Qxf6+ Kxf6 52. f4 g5 53. g3 Rg4 54. Kf2 gxf4 55. gxf4 h4 56. Rd5 h3 57. Rxb5 Rg2+ 58. Kf3 Rb2 59. Rh5 Rxb4 60. Rxh3 Kg6 61. Rg3+ Kf6 62. Rg5 Ra4 63. Rb5 Ra3 64. Ke4 Ra4+ 65. Kd5 Ra3 66. Rb6+ Kf5 67. e4+ Kxf4 68. Rf6+ Ke3 69. e5 Ra5+ 70. Kd6 Ke4 71. Rxf7 Rd5+ 1/2-1/2

[Event "Fagernes GM Open Autumn 2024"]
[Site "Fagernes"]
[Date "2024.10.08"]
[Round "3.28"]
[White "Simonsen, David Mindestrommen"]
[Black "Kaewpitakkun, Pantham"]
[Result "0-1"]
[ECO "D73"]
[WhiteElo "1930"]
[BlackElo "2023"]
[Annotator "RC"]
[PlyCount "102"]
[EventDate "2024.10.03"]
[EventType "swiss"]
[EventCountry "NOR"]
[SourceTitle "playchess.com"]
[Source "ChessBase"]
[SourceQuality "1"]
[TimeControl "40/6000:2400+30"]

1. d4 Nf6 2. c4 g6 3. g3 c6 4. Nf3 Bg7 5. Bg2 d5 6. cxd5 cxd5 7. Nc3 O-O 8. Ne5 Nc6 9. Nxc6 bxc6 10. Na4 Ne4 11. O-O Rb8 12. Be3 Nd6 13. b3 Nf5 14. Qd2 Nxe3 15. Qxe3 Qd6 16. Rac1 Bf5 17. Rc5 Rfc8 18. Rfc1 Rb4 19. Rd1 Qf6 20. Qc3 Rxd4 21. Rc1 Qg5 22. Qa5 Qd2 23. Qxd2 Rxd2 24. e3 Rxa2 25. Nc3 Bxc3 26. R5xc3 Be6 27. h3 Rb8 28. Rxc6 Rxb3 29. R6c2 Rxc2 30. Rxc2 Rb5 31. Kf1 a5 32. Ke2 a4 33. Ra2 Ra5 34. Ra3 Bd7 35. Kd3 e6 36. Kd4 f6 37. f4 Kf8 38. h4 Ke7 39. e4 Kd6 40. e5+ fxe5+ 41. fxe5+ Kc6 42. Bf1 Kb6 43. Bd3 Ra8 44. h5 gxh5 45. Bxh7 Kb5 46. Bd3+ Kb6 47. Be2 Be8 48. g4 hxg4 49. Bxg4 Bd7 50. Bf3 Rh8 51. Bxd5 Rh4+ 0-1

[Event "Fagernes GM Open Autumn 2024"]
[Site "Fagernes"]
[Date "2024.10.08"]
[Round "3.29"]
[White "Stromhaug, Kristoffer Wang"]
[Black "Juodziukynas, Aidas"]
[Result "1/2-1/2"]
[ECO "B90"]
[WhiteElo "1960"]
[BlackElo "1917"]
[Annotator "RC"]
[PlyCount "94"]
[EventDate "2024.10.03"]
[EventType "swiss"]
[EventCountry "NOR"]
[SourceTitle "playchess.com"]
[Source "ChessBase"]
[SourceQuality "1"]
[TimeControl "40/6000:2400+30"]

1. e4 c5 2. Nf3 d6 3. d4 cxd4 4. Nxd4 Nf6 5. Nc3 a6 6. h3 e5 7. Nb3 Be6 8. f4 b5 9. f5 Bc8 10. Bg5 Bb7 11. a4 bxa4 12. Rxa4 Be7 13. Qd3 Nh5 14. Bxe7 Qxe7 15. g3 Qg5 16. Rg1 O-O 17. h4 Qe7 18. Be2 Nf6 19. g4 Nfd7 20. g5 Nc5 21. Nxc5 dxc5 22. f6 Qd7 23. fxg7 Rd8 24. Qe3 Nc6 25. Nd5 Nd4 26. Nf6+ Kxg7 27. Nxd7 Nxc2+ 28. Kf2 Nxe3 29. Nb6 Bc6 30. Nxa8 Bxa4 31. Kxe3 Rxa8 32. Ra1 Bd7 33. Rxa6 Rb8 34. Bc4 Bb5 35. Bxb5 Rxb5 36. Ra2 Rb3+ 37. Kd2 Rh3 38. Ra5 Rxh4 39. Rxc5 Rxe4 40. Kd3 Rd4+ 41. Kc3 Re4 42. Kd3 Re1 43. Kd2 Rg1 44. Rxe5 Kg6 45. b4 h6 46. gxh6 Kxh6 47. Re1 Rg6 1/2-1/2

[Event "Fagernes GM Open Autumn 2024"]
[Site "Fagernes"]
[Date "2024.10.08"]
[Round "3.30"]
[White "Lien, Sebastian"]
[Black "Rustan, Elias Buschmann"]
[Result "1-0"]
[ECO "E15"]
[WhiteElo "1911"]
[BlackElo "1941"]
[Annotator "RC"]
[PlyCount "93"]
[EventDate "2024.10.03"]
[EventType "swiss"]
[EventCountry "NOR"]
[SourceTitle "playchess.com"]
[Source "ChessBase"]
[SourceQuality "1"]
[TimeControl "40/6000:2400+30"]

1. d4 Nf6 2. c4 e6 3. Nf3 b6 4. g3 Ba6 5. Nbd2 c5 6. Bg2 Bb7 7. dxc5 bxc5 8. O-O Be7 9. Re1 d5 10. cxd5 exd5 11. e4 dxe4 12. Ng5 O-O 13. Ngxe4 Nc6 14. Qa4 Nd5 15. Qd1 Nb6 16. Nb3 Na4 17. Be3 Qxd1 18. Raxd1 Rad8 19. Rxd8 Nxd8 20. Bxc5 Bxc5 21. Nexc5 Bxg2 22. Kxg2 Nxc5 23. Nxc5 Nc6 24. a3 a5 25. Rc1 Ne5 26. f4 Ng6 27. Nb7 Rb8 28. Rc7 Nf8 29. f5 Re8 30. b3 Re5 31. Rc5 Re2+ 32. Kh3 a4 33. bxa4 Re3 34. Rc8 Rxa3 35. Nc5 Rc3 36. a5 g5 37. f6 g4+ 38. Kxg4 h5+ 39. Kh3 h4 40. a6 hxg3 41. a7 gxh2+ 42. Kxh2 Rc2+ 43. Kg1 Rc1+ 44. Kf2 Rc2+ 45. Ke1 Rc1+ 46. Kd2 Rc2+ 47. Kxc2 1-0

[Event "Fagernes GM Open Autumn 2024"]
[Site "Fagernes"]
[Date "2024.10.09"]
[Round "4.1"]
[White "Raja Rithvik R"]
[Black "Ghasi, Ameet K"]
[Result "0-1"]
[ECO "E94"]
[WhiteElo "2514"]
[BlackElo "2503"]
[Annotator "RC"]
[PlyCount "82"]
[EventDate "2024.10.03"]
[EventType "swiss"]
[EventCountry "NOR"]
[SourceTitle "playchess.com"]
[Source "ChessBase"]
[SourceQuality "1"]
[TimeControl "40/6000:2400+30"]

1. d4 Nf6 2. c4 g6 3. Nc3 Bg7 4. e4 d6 5. Be2 O-O 6. Nf3 e5 7. O-O Na6 8. Be3 Qe7 9. Re1 exd4 10. Bxd4 Bg4 11. Bf1 c6 12. h3 Bxf3 13. Qxf3 Nc5 14. Rad1 Ne6 15. Be3 a5 16. Qg3 Ne8 17. Na4 c5 18. Bd2 Ra6 19. Nc3 N8c7 20. Nd5 Qd8 21. Bc3 Nd4 22. a4 Re8 23. f4 Ra7 24. Kh1 Nce6 25. Qf2 Ra8 26. g3 Nc6 27. h4 Ned4 28. h5 Nb4 29. Bd3 Qd7 30. hxg6 hxg6 31. Nb6 Qh3+ 32. Kg1 Ra6 33. Nd5 Nxd5 34. cxd5 Raa8 35. Re3 Re7 36. Rde1 Rae8 37. Qf1 Qg4 38. Kg2 Nf5 39. R3e2 Qxg3+ 40. Kh1 Bxc3 41. exf5 Bxe1 0-1

[Event "Fagernes GM Open Autumn 2024"]
[Site "Fagernes"]
[Date "2024.10.09"]
[Round "4.2"]
[White "Bazakutsa, Svyatoslav"]
[Black "Jumabayev, Rinat"]
[Result "0-1"]
[ECO "E71"]
[WhiteElo "2483"]
[BlackElo "2577"]
[Annotator "TA"]
[PlyCount "174"]
[EventDate "2024.10.03"]
[EventType "swiss"]
[EventCountry "NOR"]
[SourceTitle "playchess.com"]
[Source "ChessBase"]
[SourceQuality "1"]
[TimeControl "40/6000:2400+30"]

1. c4 Nf6 2. Nc3 g6 3. e4 d6 4. d4 Bg7 5. h3 e5 6. d5 Nbd7 7. Be3 h5 8. Nf3 {[%emt 0:03:00] White is slightly better.} Bh6 9. Bxh6 Rxh6 10. Qd2 Rh8 11. g3 Nc5 12. Qe3 a5 13. O-O-O (13. Nxe5 $5 Qe7 14. Nf3 $14) 13... Qe7 14. Rg1 Bd7 15. b3 c6 16. Nd2 Kf8 17. f4 cxd5 18. exd5 (18. cxd5 $11 {remains equal.} Kg7 19. a4) 18... Re8 $17 19. Kb2 exf4 {[%emt 0:03:39] Black is more active.} 20. Qxf4 {[%emt 0:00:11] [#]} Bxh3 $1 21. Nf3 Bg4 22. Re1 Qd8 23. Rxe8+ Nxe8 (23... Kxe8 $6 24. Ng5 $11) 24. Ng5 Qf6 25. Qxf6 Nxf6 26. Nb5 ({White should try} 26. a3) 26... Ne8 27. a3 f6 28. Nh3 Bxh3 29. Bxh3 f5 30. b4 (30. Bg2 $17) 30... axb4 31. axb4 Ne4 32. Nd4 (32. Nc3 $17) 32... h4 33. Ne6+ Ke7 34. g4 (34. gxh4 $142 Rxh4 35. Bf1) 34... Nf2 35. Nf4 Nxh3 $2 (35... g5 $1 $19 {[%cal Rg5f4] is more deadly.} 36. Ng6+ Kd7 (36... Kf6 37. Nxh8 Nxh3 38. Re1 $11) 37. gxf5 (37. Nxh8 $2 Nxh3 38. Rg2 Nf4 $19) 37... Nxh3) 36. Nxh3 fxg4 37. Rxg4 $19 {[%emt 0:00:00][%mdl 4096] Endgame. KRN-KRN} Kf7 38. Rf4+ Nf6 {[%emt 0:00:47] White must now prevent ...Rh5.} 39. Ng5+ Ke7 {[%emt 0:00:17] aiming for ...h3.} 40. c5 Rh5 (40... Nxd5 $6 41. Rf7+ Kd8 42. cxd6 $11) (40... dxc5 41. d6+ Kd7 42. Rxf6 $11) 41. cxd6+ Kd7 $1 42. Nf3 Nxd5 43. Rxh4 Kxd6 {[%emt 0:03:28] Hoping for ...Rxh4.} ({But not} 43... Rxh4 44. Nxh4 Nf4 (44... Nxb4 45. Nxg6 Kxd6 46. Kb3 $11) 45. Kc3) 44. Rg4 Ne7 45. Nh4 (45. Rg1 $15) 45... Ke6 46. Kb3 (46. Nxg6 $2 {perishes.} Kf5 47. Nxe7+ Kxg4 $19) (46. Kc2 $17) 46... g5 47. Ng2 Rh3+ 48. Ka4 Kf5 49. Rd4 Rg3 50. Ne1 Nc6 (50... Re3 $1 $19 {[%cal Re3e1] and Black stays clearly on top.} 51. Nc2 Re2) 51. Rd7 (51. Rd5+ $17 {was called for.} Kf6 52. Rd6+ Ke7 53. Rd5) 51... Re3 52. Nc2 Re7 53. Rd5+ Kf4 {[%emt 0:00:12] ...g4 would now be deadly.} 54. b5 $2 (54. Rd1) 54... Re4+ 55. Kb3 Re5 56. Rd1 Rxb5+ 57. Kc4 Re5 58. Rf1+ Kg3 59. Kd3 Rd5+ 60. Ke4 Re5+ 61. Kd3 Re7 {[%emt 0:01:16] Threatens to win with ...Ne5+.} 62. Rg1+ Kf4 63. Rf1+ Ke5 64. Ne3 Rd7+ 65. Kc3 Ke6 66. Ng4 Rf7 {[%emt 0:00:15] Against Rf6+} 67. Re1+ Kd6 $1 68. Rd1+ Ke6 69. Re1+ Kd6 (69... Kd5 $17 70. Ne3+ Kc5) 70. Rd1+ $1 {[%emt 0:00:01] White is now going downhill.} Kc5 71. Ne3 {[%emt 0:00:02] [#]} Ne7 $1 {[%emt 0:00:11] Prevents Rd5+.} 72. Rg1 Rg7 {[%emt 0:00:05] And now ...Nd5+ would win.} 73. Kd3 {[%emt 0:00:04] [#]} b5 $1 74. Ke4 (74. Rc1+ $17 Kb6 75. Ke4) 74... Rg6 75. Ke5 (75. Rc1+ $17 {might work better.} Kb6 76. Rg1) 75... b4 76. Rc1+ Kb5 77. Rc7 Nc6+ 78. Kf5 Rg8 79. Nd5 $2 (79. Kg4) 79... b3 80. Rb7+ Kc4 81. Ne3+ Kc5 {[%emt 0:00:01] Strongly threatening ...Rb8.} 82. Ke4 Rb8 83. Rg7 Rb4+ {[%emt 0:00:23] Black mates.} 84. Kd3 Ne5+ 85. Kd2 b2 86. Rc7+ Nc6 87. Nd1 b1=Q {[%emt 0:00:13] Weighted Error Value: White=0.23 (precise) /Black=0.23 (precise) .  Loses game:     	White=1     	---        Missed win:     	---       	Black=1      Mistake:       	White=12    	Black=2      Inaccurate:     	White=5     	Black=7      OK:         	White=26    	Black=33     Best:        	White=7     	Black=6      Strong:       	White=1     	Black=1} 0-1